 Dungeon Crawl Stone Soup version 0.28-a0-973-ga7f8b01127 (webtiles) character file.

Game seed: 5665233309703264083

56 sokol815 the Grasshopper (level 3, 0/31 HPs)
             Began as a Gnoll Warper on Dec 2, 2021.
             Slain by Robin (1 damage)
             ... on level 2 of the Dungeon.
             The game lasted 00:04:28 (2041 turns).

sokol815 the Grasshopper (Gnoll Warper)             Turns: 2041, Time: 00:04:29

Health: 0/31       AC:  6    Str:  9 (10) XL:     3   Next: 97%
Magic:  9/9        EV:  9    Int: 11 (12) God:
Gold:   110        SH:  0    Dex: 12 (13) Spells: 12/12 levels left

rFire   . . .      SeeInvis .   a - +0 hand axe
rCold   . . .      Faith    .   (no shield)
rNeg    . . .      Spirit   .   c - +0 scale mail
rPois   .          Reflect  .   (no helmet)
rElec   .          Harm     .   (no cloak)
rCorr   .          Rampage  .   (no gloves)
Will    .....                   (no boots)
Stlth   ..........              (no amulet)
HPRegen 0.10/turn               (no ring)
MPRegen 0.11/turn               (no ring)

@: lethally poisoned (0 -> -7)
A: fangs 1, strong nose, distributed training
a: no special abilities


You were on level 2 of the Dungeon.
You visited 1 branch of the dungeon, and saw 3 of its levels.

You collected 110 gold pieces.

Inventory:

Hand Weapons
 a - a +0 hand axe (weapon)
 b - a +0 hunting sling
   (You took it off a goblin on level 2 of the Dungeon)
Missiles
 d - 5 boomerangs of dispersal {=f}
 s - 92 stones (quivered)
Armour
 c - a +0 scale mail (worn)
   (You found it on level 1 of the Dungeon)
 i - a +0 leather armour
Scrolls
 e - a scroll of teleportation {unknown}
 f - a scroll of summoning {unknown}
 j - 3 scrolls of identify {unknown}
 D - a scroll of blinking {!r}
Potions
 g - a potion of lignification {unknown}
 h - a potion of curing {unknown}


   Skills:
 + Level 4.6 Fighting
 + Level 1.0 Short Blades
 + Level 1.0 Long Blades
 + Level 4.6 Axes
 + Level 1.0 Maces & Flails
 + Level 1.0 Polearms
 + Level 1.0 Staves
 + Level 1.0 Slings
 + Level 1.0 Bows
 + Level 1.0 Crossbows
 + Level 2.7 Throwing
 + Level 2.7 Armour
 + Level 4.6 Dodging
 + Level 1.0 Stealth
 + Level 1.0 Shields
 + Level 1.0 Unarmed Combat
 + Level 5.0 Spellcasting
 + Level 0.7 Conjurations
 + Level 0.7 Hexes
 + Level 0.7 Summonings
 + Level 0.7 Necromancy
 + Level 5.4 Translocations
 + Level 0.7 Transmutations
 + Level 0.7 Fire Magic
 + Level 0.7 Ice Magic
 + Level 0.7 Air Magic
 + Level 0.7 Earth Magic
 + Level 0.7 Poison Magic
 + Level 1.1 Invocations
 + Level 1.0 Evocations


You had 12 spell levels left.
You didn't know any spells.
Your spell library contained the following spells:

 Spells                   Type           Power      Damage    Failure   Level
 Blink                    Tloc           28%        N/A       26%         2
 Gell's Gravitas          Tloc           14%        N/A       45%         3
 Lesser Beckoning         Tloc           14%        N/A       45%         3
 Teleport Other           Tloc           14%        N/A       45%         3
 Freeze                   Ice            16%        1d4       75%         1
 Frozen Ramparts          Ice            8%         1d2       98%         3
 Manifold Assault         Tloc           14%        N/A       99%         5
 Hailstorm                Conj/Ice       4%         3d4       100%        4


Dungeon Overview and Level Annotations

Branches:
Dungeon (3/15)

Altars:

Shops:
D:1 [

Annotations:
D:2 Robin, Sigmund


Innate Abilities, Weirdness & Mutations

You have very sharp teeth.
Your uncanny sense of smell can sniff out nearby items.
Your experience applies equally to all skills.


Message History

Sigmund flickers and vanishes!
Deactivating autopickup; reactivate with Ctrl-A.
There is a stone staircase leading up here.
The goblin no longer looks unusually strong.
The goblin barely misses you. The goblin hits you but does no damage.
The hobgoblin hits you but does no damage.
Robin throws the goblin at you!
You climb upwards.
Reactivating autopickup.
There is a stone staircase leading down here.
You barely miss the goblin. You hit the hobgoblin. You hit the goblin.
You kill the goblin!
The goblin closely misses you. The hobgoblin barely misses you.
You slash the hobgoblin!
You kill the hobgoblin!
You hit the goblin.
You kill the goblin!
You start resting.
Health restored: 31 You see here a hobgoblin skeleton.
There is a stone staircase leading down here.
You climb downwards.
Level annotation: Robin, Sigmund
There is a stone staircase leading up here.
You see here a +0 ring mail.
k - a metallic white potion A hobgoblin comes into view.
You throw a stone. The stone barely misses the hobgoblin.
The hobgoblin shouts!
You barely miss the hobgoblin. Your punch misses the hobgoblin.
Your bite misses the hobgoblin. The hobgoblin closely misses you.
You hit the hobgoblin.
The hobgoblin hits you but does no damage.
You hit the hobgoblin.
You kill the hobgoblin!
No target in view!
No target in view!
s - 93 stones (gained 1) Sigmund is nearby!
You throw a stone.
Sigmund shouts!
The stone hits Sigmund but does no damage.
A goblin comes into view. It is wielding a +2 dagger of venom.
Robin shouts!
You hear a shout!
Robin throws the goblin at you!
The goblin hits you with a +2 dagger of venom.
You are poisoned.
You take 2 damage, and have 29/31 hp.
You feel sick.
You take 2 damage, and have 27/31 hp.
You feel sick.
You take 2 damage, and have 25/31 hp.
You feel sick. Robin hits you but does no damage.
You take 1 damage, and have 24/31 hp.
You feel sick. Robin hits you with a +0 spear.
Sigmund gestures at you while chanting. You resist with significant effort.
You take 4 damage, and have 20/31 hp.
You feel sick.
The hobgoblin shouts!
Robin throws the goblin at you! The goblin hits you but does no damage.
You are more poisoned.
You take 1 damage, and have 19/31 hp.
You feel very sick. Robin hits you but does no damage.
The goblin closely misses you.
You see here a +0 club.
You take 3 damage, and have 16/31 hp.
You feel sick.
Robin roars a battlecry!
The goblin goes into a battle-frenzy!
You take 1 damage, and have 15/31 hp.
You feel sick. The hobgoblin barely misses you.
You take 2 damage, and have 13/31 hp.
You feel sick.
The hobgoblin hits you but does no damage.
You take 1 damage, and have 12/31 hp.
You hit the goblin. You hit the hobgoblin but do no damage.
You feel sick. The goblin barely misses you. The hobgoblin barely misses you.
You take 1 damage, and have 11/31 hp.
You hit the goblin but do no damage. You closely miss the hobgoblin.
You feel sick. The hobgoblin hits you.
* * * LOW HITPOINT WARNING * * *
The goblin closely misses you.
You take 5 damage, and have 6/31 hp.
You barely miss the goblin. You barely miss the hobgoblin.
You feel sick. Robin throws the goblin at you!
* * * LOW HITPOINT WARNING * * *
The goblin hits you but does no damage.
You are lethally poisoned!
The hobgoblin closely misses you.
You take 2 damage, and have 4/31 hp.
It was a potion of degeneration.
There was something very wrong with that liquid.
You feel weakened.
You feel dopey.
You feel clumsy.
* * * LOW HITPOINT WARNING * * *
You feel very sick.
Robin hits you from afar with a +0 spear.
You die...

..####.#...## ...#
......### ...#
##......########## ...#
###.#.#..#...#...## .###
##......#..........##
.#####..###..........<...#
......[#######........รท..#
.###........##...g.......#
.# #.######...#.@.......##
## #.# ###.#.g..#...##
.###.### ####)#g########
.......###.@..)@##..
#..#.#.......[...(....
##...####(########.((.
###.@#....# .(. #.......###
. ............


You could see Sigmund, Robin, a hobgoblin and a goblin (strong).

Vanquished Creatures
  An adder (D:2)
  A worm (D:3)
  A ball python (D:2)
  An endoplasm (D:1)
  2 giant cockroaches
  11 goblins
  7 hobgoblins
  2 quokkas (D:1)
  3 bats
  3 frilled lizards
  4 kobolds
  5 rats
41 creatures vanquished.

Notes
Turn   | Place    | Note
-------+----------+-------------------------------------------
     0 | D:1      | sokol815 the Gnoll Warper began the quest for the Orb.
     0 | D:1      | Reached XP level 1. HP: 20/20 MP: 6/6
    75 | D:1      | Found Nokhia's Antique Armour Emporium.
   468 | D:1      | Reached XP level 2. HP: 26/26 MP: 7/7
   684 | D:1      | Found a faded altar of an unknown god.
  1197 | D:3      | Reached XP level 3. HP: 21/31 MP: 9/9
  1205 | D:3      | HP: 6/31 [worm (3)]
  1209 | D:3      | Reached skill level 5 in Spellcasting
  1625 | D:2      | Noticed Sigmund
  1721 | D:2      | Reached skill level 1 in Invocations
  1746 | D:2      | Identified the +1 helmet of the Known World {rN+ Str+3
                  | Stlth+}
  1746 | D:2      | Noticed Robin
  1747 | D:2      | Reached skill level 1 in Short Blades
  1747 | D:2      | Reached skill level 1 in Long Blades
  1747 | D:2      | Reached skill level 1 in Maces & Flails
  1747 | D:2      | Reached skill level 1 in Polearms
  1747 | D:2      | Reached skill level 1 in Staves
  1747 | D:2      | Reached skill level 1 in Slings
  1747 | D:2      | Reached skill level 1 in Bows
  1747 | D:2      | Reached skill level 1 in Crossbows
  1747 | D:2      | Reached skill level 1 in Stealth
  1747 | D:2      | Reached skill level 1 in Shields
  1747 | D:2      | Reached skill level 1 in Unarmed Combat
  1747 | D:2      | Reached skill level 1 in Evocations
  2039 | D:2      | HP: 6/31 [hobgoblin (4)]
  2041 | D:2      | HP: 1/31 [poisoned by a goblin]
  2041 | D:2      | Slain by Robin

Illustrated notes

Levels and vault maps discovered:
D:1:      lemuel_arrival_river_ford, layout_loops_ring, serial_shops,
          shop_coins, shapermc_ecumenical_altar_starsandcircs
D:2:      layout_rooms, kennysheep_another_room, minmay_between, uniq_robin,
          uniq_sigmund
D:3:      kb_forest_paths, layout_basic

Skill      XL: |  1  2  3 |
---------------+----------+-----
Spellcasting   | 5 |  5.0
Invocations    | 1 |  1.1
Short Blades   | 1 |  1.0
Long Blades    | 1 |  1.0
Maces & Flails | 1 |  1.0
Polearms       | 1 |  1.0
Staves         | 1 |  1.0
Slings         | 1 |  1.0
Bows           | 1 |  1.0
Crossbows      | 1 |  1.0
Stealth        | 1 |  1.0
Shields        | 1 |  1.0
Unarmed Combat | 1 |  1.0
Evocations     | 1 |  1.0
Fighting       | |  4.6
Axes           | |  4.6
Throwing       | |  2.7
Armour         | |  2.7
Dodging        | |  4.6
Conjurations   | |  0.7
Hexes          | |  0.7
Summonings     | |  0.7
Necromancy     | |  0.7
Translocations | |  5.4
Transmutations | |  0.7
Fire Magic     | |  0.7
Ice Magic      | |  0.7
Air Magic      | |  0.7
Earth Magic    | |  0.7
Poison Magic   | |  0.7

Action                   || total
-------------------------++-------
Melee: Hand axe          ||   131
       Bite              ||    10
Throw: Stone             ||    78
  Use: Potion            ||     1
Armor: Scale mail        ||    66
Dodge: Dodged            ||    78

Table legend: (Time is in decaauts)
 A = Elapsed time spent in this place.
 B = Non-inter-level travel time spent in this place.
 C = Inter-level travel time spent in this place.
 D = Time resting spent in this place.
 E = Time spent auto-exploring this place.
 F = Levels seen in this place.
 G = Mean time per level.
                   A        B        C        D        E       F      G
               +--------+--------+--------+--------+--------+-----+--------+
         Total |   2055 |   2007 |     48 |    652 |    950 |   3 |  685.0 |
       Dungeon |   2055 |   2007 |     48 |    652 |    950 |   3 |  685.0 |
               +--------+--------+--------+--------+--------+-----+--------+

Top non-repeatable levels by time:
     D:1: 1361 daAuts
     D:2: 631 daAuts
     D:3: 62 daAuts

Table legend:
 A = Kills in this place as a percentage of kills in entire the game.
 B = Kills by you in this place as a percentage of kills by you in the entire game.
 C = Kills by friends in this place as a percentage of kills by friends in the entire game.
 D = Other kills in this place as a percentage of other kills in the entire game.
 E = Experience gained in this place as a percentage of experience gained in the entire game.
 F = Experience gained in this place divided by the number of levels of this place that you have seen.
                   A       B       C       D       E      F
               +-------+-------+-------+-------+-------+----------------------
         Total | 100.0 | 100.0 |   N/A |   N/A | 100.0 |  27.0
       Dungeon | 100.0 | 100.0 |   N/A |   N/A | 100.0 |  27.0
               +-------+-------+-------+-------+-------+----------------------
